AoeStats
← Juanfreelance

Arabia

509484105Analyzed
2v2 RM · 5d ago on Sep 26, 2026· 31m 4s· 4 players
Game mode
Random Map
Map size
Medium (4 player)
Population
200
Speed
Normal
Resources
Standard
Victory
Conquest
Starting age
Dark Age
Ending age
Imperial Age
RankedLock teamsTeams togetherTeam positionsShared explorationLock speedFull tech treeHidden civsTurbo modeCheats
Victory
Defeat
🇫🇷 Japanese · France
1383
+16
🇵🇦 Persians · Panama
1300
+20
🇵🇹 Danes · Portugal
1379
-18
🇬🇧 Saxons · United Kingdom
1378
-18
_n0ne_
6:17 Loom
9:16 Feudal Age
10:02 Double-Bit Axe
20:41 Castle Age
21:05 Fletching
21:02 Crossbowman
21:42 Bodkin Arrow
22:02 Bow Saw
22:43 Padded Archer Armor
22:44 Gold Mining
25:32 Bloodlines
26:36 Ballistics
26:40 Husbandry
28:46 Wheelbarrow
28:34 Leather Archer Armor
Vegeta
6:19 Loom
9:04 Feudal Age
9:52 Double-Bit Axe
11:15 Horse Collar
19:14 Wheelbarrow
18:32 Gold Mining
18:50 Scale Barding Armor
22:17 Castle Age
20:29 Forging
21:34 Bloodlines
Kvaratskhelia
6:32 Loom
8:58 Feudal Age
9:45 Double-Bit Axe
14:10 Fletching
22:14 Castle Age
20:21 Horse Collar
21:11 Gold Mining
22:16 Padded Archer Armor
22:30 Crossbowman
23:06 Bodkin Arrow
24:18 Ballistics
26:27 Bow Saw
26:17 Heavy Plow
26:56 Wheelbarrow
27:49 Leather Archer Armor
28:50 Hand Cart
28:23 Town Watch
31:18 Stone Mining
Juanfreelance
6:32 Loom
9:08 Feudal Age
9:34 Horse Collar
9:40 Double-Bit Axe
16:28 Wheelbarrow
22:58 Castle Age
21:07 Gold Mining
21:29 Forging
21:25 Scale Barding Armor
22:20 Bloodlines
24:18 Bow Saw
24:11 Heavy Plow
24:21 Husbandry
25:32 Hand Cart
27:16 Iron Casting
Connection lost

Rejoining the realm…

Still unreachable

The connection could not be restored.

Session expired

The server has moved on; the page needs a fresh start.